 Dungeon Crawl Stone Soup version 0.30.1-11-g7821555f0a (webtiles) character file.

Game seed: 9895674755797697852

5229 MrIGI the Covert (level 10, -9/38 (50) HPs)
             Began as a Kobold Venom Mage on Dec 11, 2023.
             Was a Follower of Uskayaw.
             Mangled by otna's ghost (11 damage)
             ... on level 8 of the Dungeon.
             The game lasted 01:14:10 (11521 turns).

MrIGI the Covert (Kobold Venom Mage)               Turns: 11521, Time: 01:14:12

HP:   -9/38 (50)    AC:  3    Str:  8    XL:     10   Next: 92%
MP:   0/20          EV: 19    Int: 19    God:    Uskayaw [*.....]
Gold: 605           SH:  0    Dex: 20    Spells: 12/23 levels left

rFire   . . .        v - +8 dagger of Runiplif {freeze, Str+2 Dex+3}
rCold   . . .        (no shield)
rNeg    . . .        a - +0 robe
rPois   .            (no helmet)
rElec   .            (no cloak)
rCorr   .            (no gloves)
SInv    .            k - +0 pair of boots
Will    .....        F - amulet of guardian spirit
Stlth   ++++++       (no ring)
HPRegen 0.26/turn    (no ring)
MPRegen 0.17/turn

%: guardian spirit
@: heavily drained
A: small, no large weapons, nightstalker 3
a: Renounce Religion, Stomp


You were on level 8 of the Dungeon.
You worshipped Uskayaw.
Uskayaw was noncommittal.
You visited 1 branch of the dungeon, and saw 10 of its levels.

You collected 665 gold pieces.
You spent 60 gold pieces at shops.

Inventory:

Hand Weapons
 d - a +0 club
 e - a +0 whip
 h - a +0 sling of flaming
 v - the +8 dagger of Runiplif (weapon) {freeze, Str+2 Dex+3}
   (You found it on level 4 of the Dungeon)

   Str:       It affects your strength (+2).
   Dex:       It affects your dexterity (+3).
 C - a +4 spear
 G - the +1 mace of a Billion Visionaries {heavy, rCorr Stlth+}
   (You found it on level 6 of the Dungeon)

   rCorr:     It protects you from acid and corrosion.
   Stlth:     It makes you more stealthy.
 I - a +1 dagger of freezing
 O - a +0 scimitar of flaming
 P - a +3 dagger of electrocution
Missiles
 u - 14 boomerangs
 D - 3 throwing nets
Armour
 a - a +0 robe (worn)
 k - a +0 pair of boots (worn)
 l - a +0 pair of boots
 N - a +0 leather armour of fire resistance
Jewellery
 F - an amulet of guardian spirit (around neck)
Wands
 A - a wand of charming (12)
 E - a wand of mindburst (14)
 J - a wand of flame (38)
 L - a wand of digging (4)
Scrolls
 f - a scroll of identify
 g - 2 scrolls of amnesia {unknown}
 i - 3 scrolls of brand weapon
 m - 2 scrolls of noise {unknown}
 q - 2 scrolls of vulnerability
 r - 2 scrolls of enchant weapon {unknown}
 t - 2 scrolls of teleportation {unknown}
 x - a scroll of blinking {unknown}
 y - 2 scrolls of fear {unknown}
 H - 2 scrolls of butterflies
Potions
 b - a potion of magic
 c - 5 potions of curing
 j - 3 potions of attraction {unknown}
 n - a potion of invisibility {unknown}
 o - 2 potions of brilliance {unknown}
 p - a potion of mutation {unknown}
 w - 4 potions of degeneration
 z - a potion of cancellation {unknown}
 B - a potion of lignification {unknown}
 K - 2 potions of resistance {unknown}
 M - a potion of might {unknown}


   Skills:
 + Level 6.4 Short Blades
 - Level 3.0 Ranged Weapons
 * Level 6.9 Dodging
 + Level 12.1 Stealth
 * Level 7.0 Spellcasting
 * Level 2.0 Conjurations
 * Level 0.5 Translocations
 - Level 1.1 Transmutations
 - Level 5.2 Air Magic
 - Level 5.0 Poison Magic
 - Level 2.0 Invocations
 - Level 2.3 Evocations


You had 12 spell levels left.
You knew the following spells:

 Your Spells              Type           Power      Damage    Failure   Level
a - Sting                 Tmut/Pois      72%        1d6       2%          1
b - Poisonous Vapours     Pois/Air       52%        N/A       1%          2
c - Swiftness             Air            26%        N/A       3%          3
d - Mephitic Cloud        Conj/Pois/Air  22%        N/A       5%          3
e - Blink                 Tloc           16%        N/A       12%         2

Your spell library contained the following spells:

 Spells                   Type           Power      Damage    Failure   Level
 Shock                    Conj/Air       80%        1d8       2%          1
 Cigotuvi's Dreadful Rot  Necr/Pois/Air  38%        N/A       3%          2
 Magic Dart               Conj           56%        1d5       4%          1
 Searing Ray              Conj           28%        2d5       7%          2
 Summon Small Mammal      Summ           24%        N/A       10%         1
 Airstrike                Air            13%        2d(2-18)  12%         4
 Olgreb's Toxic Radiance  Pois           25%        N/A       13%         4
 Sublimation of Blood     Necr           6%         N/A       16%         2
 Stone Arrow              Conj/Erth      20%        3d8       21%         3
 Call Canine Familiar     Summ           6%         N/A       30%         3
 Summon Guardian Golem    Hex/Summ       6%         N/A       30%         3
 Fulminant Prism          Conj/Hex       5%         3d6       54%         4
 Petrify                  Tmut/Erth      8%         N/A       61%         4
 Manifold Assault         Tloc           8%         N/A       63%         4
 Animate Armour           Summ/Erth      12%        N/A       69%         4
 Dispel Undead            Necr           6%         3d8       69%         4
 Leda's Liquefaction      Hex/Erth       3%         N/A       69%         4
 Irradiate                Conj/Tmut      6%         3d13      82%         5
 Lee's Rapid Deconstruct  Erth           3%         3d5*      95%         5
 Death Channel            Necr           3%         N/A       100%        6
 Statue Form              Tmut/Erth      5%         N/A       100%        6
 Storm Form               Tmut/Air       9%         N/A       100%        7
 Lehudib's Crystal Spear  Conj/Erth      5%         10d3      100%        8


Dungeon Overview and Level Annotations

Branches:
Dungeon (10/15)            Temple (0/1) D:5
   Lair: D:8-11         Orc: D:9-12

Altars:
Dithmenos
Elyvilon
Fedhas
Gozag
Qazlal
Trog
Uskayaw
Xom

Shops:
D:2 *   D:6 !   D:8 [

Annotations:
D:8 otna's ghost, novice MiFi
D:10 Grum


Innate Abilities, Weirdness & Mutations

You are small and have problems with some larger weapons.
You are completely attuned to the shadows.


Message History

You feel quick.
There is a stone staircase leading down, spattered with blood here.
Otna's ghost turns its malevolent gaze towards you.
You hit otna's ghost but do no damage. Otna's ghost misses you.
You hit otna's ghost. You freeze otna's ghost.
Otna's ghost is lightly damaged.
You start to feel a little slower.
Otna's ghost hits you.
You feel drained.
You hit otna's ghost. You freeze otna's ghost.
Otna's ghost is lightly damaged.
You hit otna's ghost but do no damage.
Otna's ghost is lightly damaged.
Otna's ghost hits you!
You feel drained.
You hit otna's ghost. You freeze otna's ghost.
Otna's ghost is lightly damaged.
Otna's ghost barely misses you.
You feel sluggish. Otna's ghost hits you!
You feel drained.
Casting: Swiftness (dangerous; 3% risk of failure)
Confirm with . or Enter, or press ? or * to list all spells.
Okay, then.
Okay, then.
Casting: Swiftness (dangerous; 3% risk of failure)
Confirm with . or Enter, or press ? or * to list all spells.
You blink.
You start to feel a little faster.
Otna's ghost says, "You cannot hurt me!"
Otna's ghost attacks as you move away! Otna's ghost hits you!
You feel drained.
You feel stable enough to blink again. Otna's ghost hits you!
* * * LOW HITPOINT WARNING * * *
You feel drained.
* * * LOW HITPOINT WARNING * * *
You feel much better.
You no longer feel sluggish.
Otna's ghost hits you!!
Ouch! That really hurt!
* * * LOW HITPOINT WARNING * * *
You feel drained.
You die...

...#...........##§##...#
#.############.##.##...##########
#.# #...................
#.###############.##############.
.......................# #.
#.##....#########......# #.
#.##....# #.##############.
#.##....# #######W...............
#.##....# #.....@....############
..##....# #..........# .[......#
#..........# #.##....#
#.....############ #.##....#
###..##.8∩8∩##...# #.##....##
#..#[.....∩#...# ..##.....#
#..#8..8..8#...#
####.....####..#).._..∩#...#
#.......##..##.....##...#


You could see otna's ghost.

Vanquished Creatures
  Erica (D:8)
  2 hornets
  2 wyverns
  9 yaks (D:8)
  2 orc warriors
  An ice beast (D:7)
  4 sky beasts
  An ogre (D:5)
  3 centaurs
  3 phantoms
  A bullfrog (D:7)
  A gnoll sergeant (D:8)
  A scorpion (D:4)
  5 killer bees (D:8)
  2 electric eels (D:8)
  4 jellies
  2 quasits (D:7)
  5 orc priests
  A gnoll bouda (D:6)
  2 iguanas
  Ijyb (D:4)
  A sleepcap (D:6)
  7 orc wizards
  17 gnolls
  4 adders
  2 shadow imps (D:6)
  A white imp (D:6)
  3 worms
  2 dart slugs (D:2)
  28 orcs
  8 endoplasms
  3 giant cockroaches
  7 goblins
  7 hobgoblins
  A jackal (D:2)
  8 kobolds
  9 quokkas
  10 ball pythons
  A ball python skeleton (D:2)
  A ball python zombie (D:2)
  4 bats
  7 frilled lizards
  A quokka skeleton (D:2)
  2 rats
187 creatures vanquished.

Notes
Turn   | Place    | Note
-------+----------+-------------------------------------------
     0 | D:1      | MrIGI the Kobold Venom Mage began the quest for the Orb.
     0 | D:1      | Reached XP level 1. HP: 10/10 MP: 3/3
    58 | D:1      | Reached skill level 3 in Stealth
   201 | D:1      | Reached XP level 2. HP: 11/15 MP: 5/5
   554 | D:1      | Reached skill level 4 in Stealth
   622 | D:1      | Reached XP level 3. HP: 19/19 MP: 6/6
  1009 | D:1      | Learned a level 2 spell: Poisonous Vapours
  1165 | D:2      | Reached skill level 1 in Ranged Weapons
  1182 | D:2      | Found Geoprow's General Store.
  1255 | D:2      | Reached XP level 4. HP: 24/24 MP: 7/7
  1386 | D:2      | Found a hide-covered altar of Uskayaw.
  1394 | D:2      | Became a worshipper of Uskayaw the Reveller
  1486 | D:2      | Reached * piety under Uskayaw
  1551 | D:2      | Found a faded altar of an unknown god.
  1955 | D:3      | Reached skill level 5 in Stealth
  2171 | D:3      | Found a shadowy altar of Dithmenos.
  2497 | D:3      | Reached ** piety under Uskayaw
  2506 | D:3      | Reached XP level 5. HP: 28/28 MP: 3/8
  3130 | D:4      | Reached XP level 6. HP: 18/32 MP: 3/10
  3259 | D:4      | Noticed Ijyb
  3286 | D:4      | Identified the +8 dagger of Runiplif {freeze, Str+2 Dex+3}
  3426 | D:4      | Reached skill level 1 in Air Magic
  3504 | D:4      | Killed Ijyb
  3520 | D:4      | Reached skill level 1 in Short Blades
  3674 | D:4      | Reached skill level 6 in Stealth
  3738 | D:4      | Reached XP level 7. HP: 36/36 MP: 11/11
  3850 | D:5      | Entered Level 5 of the Dungeon
  3881 | D:4      | Reached skill level 7 in Stealth
  4087 | D:5      | Learned a level 3 spell: Swiftness
  4091 | D:5      | Learned a level 3 spell: Mephitic Cloud
  4280 | D:5      | Found a shimmering altar of Xom.
  4281 | D:5      | Found a bloodstained altar of Trog.
  4283 | D:5      | Found a white marble altar of Elyvilon.
  4285 | D:5      | Found a blossoming altar of Fedhas.
  4291 | D:5      | Found a stormy altar of Qazlal.
  4597 | D:5      | Reached *** piety under Uskayaw
  4915 | D:5      | Found a staircase to the Ecumenical Temple.
  4941 | D:5      | Reached skill level 8 in Stealth
  4958 | D:5      | Reached XP level 8. HP: 20/41 MP: 10/12
  5215 | D:6      | Reached skill level 9 in Stealth
  5534 | D:6      | Identified the +1 mace of a Billion Visionaries {heavy,
                  | rCorr Stlth+}
  5697 | D:6      | Found Niseor's Distillery.
  5750 | D:6      | Bought a potion of degeneration for 10 gold pieces
  5750 | D:6      | Bought a potion of heal wounds for 50 gold pieces
  6078 | D:6      | Reached skill level 10 in Stealth
  6801 | D:7      | Reached XP level 9. HP: 45/45 MP: 14/14
  6916 | D:7      | Reached skill level 5 in Short Blades
  7216 | D:7      | Reached skill level 5 in Dodging
  7234 | D:7      | Noticed a hornet
  7508 | D:8      | Noticed Erica
  7512 | D:8      | Killed Erica
  7513 | D:8      | Reached skill level 11 in Stealth
  7513 | D:8      | Reached skill level 5 in Spellcasting
  7555 | D:8      | Found a runed translucent gate.
  7555 | D:8      | Found a runed translucent gate.
  7555 | D:8      | Found a runed translucent gate.
  7589 | D:8      | Found Ymnic's Armour Boutique.
  7849 | D:8      | Reached skill level 5 in Air Magic
  8064 | D:8      | Noticed a hornet
  8080 | D:8      | Killed a hornet
  8081 | D:8      | Reached skill level 1 in Invocations
  8081 | D:8      | Reached skill level 1 in Evocations
  8081 | D:8      | Reached XP level 10. HP: 33/50 MP: 7/18
  8628 | D:8      | Found an opulent altar of Gozag.
  9454 | D:8      | Noticed otna's ghost (novice MiFi)
  9902 | D:8      | Reached skill level 1 in Conjurations
  9987 | D:8      | Reached skill level 12 in Stealth
 11002 | D:7      | Learned a level 2 spell: Blink
 11103 | D:10     | Entered Level 10 of the Dungeon
 11103 | D:10     | Noticed Grum
 11306 | D:8      | Reached skill level 5 in Poison Magic
 11521 | D:8      | HP: 2/41 [otna's ghost (23)]
 11521 | D:8      | Mangled by otna's ghost

Illustrated notes

Levels and vault maps discovered:
D:1:      roderic_crossed_star, layout_basic
D:2:      layout_rooms, dreamdust_ecumenical_altar_sealed_demon, serial_undead,
          serial_undead_d, serial_undead_c, serial_undead_a, serial_undead_f,
          basic_altar, serial_shops, nicolae_shop_competitors_out_of_business,
          minmay_heptomino_d4
D:3:      layout_loops_corners, mainiacjoe_overflow_alcove_2, st_stairs_6
D:4:      minmay_octagon_keep, layout_rooms, uniq_ijyb
D:5:      layout_gridville, grunt_temple_overflow_open,
          minmay_temple_entry_nine_rooms, minmay_hedge_maze
D:6:      layout_loops_ring, serial_shops, kennysheep_little_box,
          serial_bayou_crossing
D:7:      cheibrodos_quashed, layout_loops_ring, dreamdust_princess_bridge
D:8:      layout_basic, ebering_ghost_gozag, nicolae_wooded_promenade,
          chequers_avenue, uniq_erica
D:9:      layout_cave_pods, david_orc_5
D:10:     layout_loops_cross, lair_entry_dummy, nicolae_nh_ransacked_shop,
          uniq_grum, uniq_psyche, uniq_josephine

Skill      XL: |  1  2  3  4  5  6  7  8  9 10 |
---------------+-------------------------------+-----
Stealth        | 3 4 5 6 8 10 11 12 | 12.1
Dodging        | 3 4 5 6 |  6.9
Ranged Weapons | 1 3 |  3.0
Air Magic      | 1 2 3 5 |  5.2
Short Blades   | 2 3 4 5 6 |  6.4
Spellcasting   | 3 5 7 |  7.0
Invocations    | 1 2 |  2.0
Evocations     | 1 2 |  2.3
Poison Magic   | 5 |  5.0
Conjurations   | 2 |  2.0
Translocations | |  0.5
Transmutations | |  1.1

Action                     |  1- 3 |  4- 6 |  7- 9 | 10-12 || total
---------------------------+-------+-------+-------+-------++-------
  Melee: Unarmed           |    33 |       |       |       ||    33
         Club              |    32 |       |       |       ||    32
         Punch             |     1 |       |     1 |     4 ||     6
         Dagger            |       |    16 |   176 |   113 ||   305
   Fire: Sling             |    71 |    84 |       |       ||   155
   Cast: Sting             |     2 |    25 |     7 |     5 ||    39
         Poisonous Vapours |       |    11 |    27 |    33 ||    71
         Swiftness         |       |       |     7 |    12 ||    19
         Blink             |       |       |       |     2 ||     2
         Mephitic Cloud    |       |       |       |     1 ||     1
 Invoke: Stomp             |       |     1 |     3 |       ||     4
         Line Pass         |       |       |     1 |       ||     1
  Evoke: Wand              |       |       |       |     1 ||     1
    Use: Potion            |     1 |       |       |     3 ||     4
         Scroll            |       |       |     1 |     2 ||     3
   Stab: Sleeping          |     5 |    13 |    14 |     8 ||    40
         Paralysed         |       |       |     2 |       ||     2
         Distracted        |       |       |     1 |     1 ||     2
 Armour: Robe              |    25 |     7 |    30 |    15 ||    77
  Dodge: Dodged            |   103 |    64 |   120 |   140 ||   427
